BSA
IRVINE GANG GREEN @ BAFFIN ISLAND BEAVERS
03/04/2029
 
TOP OF THE 1ST
Irvine Gang Green batting - Pitching for Baffin Island Beavers : RHP Reagan Wear
Pitching: RHP Reagan Wear
Batting: LHB Tony Tavárez 0-0: Foul Ball, location: 2F
0-1: Foul Ball, location: 2F
0-2: Ball
1-2: Foul Ball, location: 2F
1-2: Ball
2-2: Strikes out swinging, 2-3 out at first.
Batting: LHB José Sánchez 0-0: Foul Ball, location: 2F
0-1: Ball
1-1: Foul Ball, location: 2F
1-2: Ground out 4-3 (Groundball, 4S)
Batting: LHB Tom Baker 0-0: Ball
1-0: Called Strike
1-1: Called Strike
1-2: Foul Ball, location: 2F
1-2: Ball
2-2: Foul Ball, location: 2F
2-2: Strikes out swinging
Top of the 1st over - 0 runs, 0 hits, 0 errors, 0 left on base; Irvine 0 - Baffin Island 0
BOTTOM OF THE 1ST
Baffin Island Beavers batting - Pitching for Irvine Gang Green : LHP Masutaro Koyama
Pitching: LHP Masutaro Koyama
Batting: RHB Alden Isenhood 0-0: Foul Ball, location: 2F
0-1: Ball
1-1: Foul Ball, location: 2F
1-2: Ball
2-2: Ground out 5-3 (Groundball, 56S)
Batting: RHB Tony Morton 0-0: SINGLE (Groundball, 34D)
Batting: RHB Dave Craig 0-0: Ball
1-0: Ball
2-0: Called Strike
2-1: Foul Ball, location: 2F
2-2: Foul Ball, location: 2F
2-2: Ball
3-2: Fly out, F9 (Flyball, 89S)
Batting: RHB Felipe Rivera 0-0: Called Strike
0-1: Ball
1-1: Ball
2-1: Swinging Strike
2-2: Ball
Tony Morton steals 2nd base
3-2: Fly out, F4 (Popup, 34S)
Bottom of the 1st over - 0 runs, 1 hit, 0 errors, 1 left on base; Irvine 0 - Baffin Island 0
TOP OF THE 2ND
Irvine Gang Green batting - Pitching for Baffin Island Beavers : RHP Reagan Wear
Batting: LHB Leonardo Medina 0-0: Called Strike
0-1: Ball
1-1: Foul Ball, location: 2F
1-2: Ball
2-2: Strikes out swinging
Batting: RHB Tyler Wagner 0-0: Called Strike
0-1: Ground out 5-3 (Groundball, 5D)
Batting: RHB José Salazar 0-0: Ball
1-0: Ball
2-0: Ball
3-0: Base on Balls
Batting: LHB Frank Geddes 0-0: Ball
1-0: Ground out U3 (Groundball, 34)
Top of the 2nd over - 0 runs, 0 hits, 0 errors, 1 left on base; Irvine 0 - Baffin Island 0
BOTTOM OF THE 2ND
Baffin Island Beavers batting - Pitching for Irvine Gang Green : LHP Masutaro Koyama
Batting: SHB Alonso Ferreira 0-0: Swinging Strike
0-1: Ball
1-1: Called Strike
1-2: Foul Ball, location: 2F
1-2: Foul Ball, location: 2F
1-2: SINGLE (Groundball, 34S) (infield hit)
Pinch Runner at 1st José García:
Batting: LHB Norberto Muñóz 0-0: Called Strike
0-1: Ball
1-1: Ball
2-1: Grounds into double play, 5-4-3 (Groundball, 56)
Batting: RHB Pedro Molina 0-0: Called Strike
0-1: Ball
1-1: Ball
2-1: Called Strike
2-2: Ball
3-2: Foul Ball, location: 2F
3-2: Foul Ball, location: 2F
3-2: Strikes out swinging
Bottom of the 2nd over - 0 runs, 1 hit, 0 errors, 0 left on base; Irvine 0 - Baffin Island 0
TOP OF THE 3RD
Irvine Gang Green batting - Pitching for Baffin Island Beavers : RHP Reagan Wear
Now at 1B: José García
Batting: RHB Tom Doherty 0-0: SINGLE (Groundball, 3D)
Batting: RHB Ronnie Brown 0-0: Foul Ball, location: 2F
0-1: Ball
1-1: Foul Ball, location: 2F
1-2: Foul Ball, location: 2F
1-2: Strikes out swinging
Batting: LHB Tony Tavárez 0-0: Ball
1-0: Ball
2-0: Fly out, F7 (Flyball, 7)
Batting: LHB José Sánchez 0-0: Called Strike
0-1: Called Strike
0-2: Ground out 3-1 (Groundball, 34S)
Top of the 3rd over - 0 runs, 1 hit, 0 errors, 1 left on base; Irvine 0 - Baffin Island 0
BOTTOM OF THE 3RD
Baffin Island Beavers batting - Pitching for Irvine Gang Green : LHP Masutaro Koyama
Batting: RHB Jonathan MacVey 0-0: Called Strike
0-1: Ball
1-1: Ball
2-1: Foul Ball, location: 2F
2-2: SINGLE (Groundball, 6MD)
Batting: LHB César Valentín 0-0: Ball
1-0: Fly out, F7 (Flyball, 78M)
Batting: RHB Alden Isenhood 0-0: Foul Ball, location: 2F
0-1: Ball
1-1: Grounds into double play, 1-6-3 (Groundball, P)
Bottom of the 3rd over - 0 runs, 1 hit, 0 errors, 0 left on base; Irvine 0 - Baffin Island 0
TOP OF THE 4TH
Irvine Gang Green batting - Pitching for Baffin Island Beavers : RHP Reagan Wear
Batting: LHB Tom Baker 0-0: Called Strike
0-1: Ground out 5-3 (Groundball, 5S)
Batting: LHB Leonardo Medina 0-0: Swinging Strike
0-1: Ball
1-1: Foul Ball, location: 2F
1-2: Ball
2-2: Foul Ball, location: 2F
2-2: Ball
3-2: Fly out, F9 (Flyball, 9D)
Batting: RHB Tyler Wagner 0-0: Swinging Strike
0-1: Reaches on Catchers interference
Batting: RHB José Salazar 0-0: Ball
1-0: Foul Ball, location: 2F
1-1: Called Strike
Tyler Wagner is caught stealing 2nd base
Top of the 4th over - 0 runs, 0 hits, 1 error, 0 left on base; Irvine 0 - Baffin Island 0
BOTTOM OF THE 4TH
Baffin Island Beavers batting - Pitching for Irvine Gang Green : LHP Masutaro Koyama
Batting: RHB Tony Morton 0-0: Ball
1-0: Called Strike
1-1: Fly out, F9 (Line Drive, 9D)
Pitching: RHP Aaron Green
Batting: RHB Dave Craig 0-0: Called Strike
0-1: Ball
1-1: Fly out, F4 (Line Drive, 4)
Batting: RHB Felipe Rivera 0-0: Foul Ball, location: 2F
0-1: Swinging Strike
0-2: Strikes out swinging
Bottom of the 4th over - 0 runs, 0 hits, 0 errors, 0 left on base; Irvine 0 - Baffin Island 0
TOP OF THE 5TH
Irvine Gang Green batting - Pitching for Baffin Island Beavers : RHP Reagan Wear
Pitching: LHP Roberto Barrón
Batting: RHB José Salazar 0-0: Ball
1-0: Called Strike
1-1: Called Strike
1-2: Ball
2-2: Ground out 5-3 (Groundball, 56)
Batting: LHB Frank Geddes 0-0: Called Strike
0-1: Swinging Strike
0-2: Strikes out looking
Batting: RHB Tom Doherty 0-0: Ball
1-0: SINGLE (Groundball, 5D)
Batting: RHB Ronnie Brown 0-0: Foul Ball, location: 2F
0-1: Ball
1-1: Foul Ball, location: 2F
1-2: Ball
2-2: Ground out 4-3 (Groundball, 4)
Top of the 5th over - 0 runs, 1 hit, 0 errors, 1 left on base; Irvine 0 - Baffin Island 0
BOTTOM OF THE 5TH
Baffin Island Beavers batting - Pitching for Irvine Gang Green : RHP Aaron Green
Batting: RHB José García 0-0: Ball
1-0: Called Strike
1-1: Ball
2-1: Fly out, F7 (Flyball, 7D)
Batting: LHB Norberto Muñóz 0-0: Ground out 5-3 (Groundball, 56S)
Batting: RHB Pedro Molina 0-0: Foul Ball, location: 2F
0-1: Ball
1-1: Swinging Strike
1-2: Strikes out swinging
Bottom of the 5th over - 0 runs, 0 hits, 0 errors, 0 left on base; Irvine 0 - Baffin Island 0
TOP OF THE 6TH
Irvine Gang Green batting - Pitching for Baffin Island Beavers : LHP Roberto Barrón
Batting: LHB Tony Tavárez 0-0: Ball
1-0: Called Strike
1-1: Ball
2-1: Ball
3-1: Swinging Strike
3-2: Strikes out swinging
Batting: LHB José Sánchez 0-0: Foul Ball, location: 2F
0-1: Ball
1-1: SINGLE (Line Drive, 6D)
Batting: LHB Tom Baker 0-0: Ball
1-0: SINGLE (Groundball, 56) (infield hit)
José Sánchez to second
Batting: LHB Leonardo Medina 0-0: Ball
José Sánchez steals 3rd base
Tom Baker to second
1-0: Ball
2-0: SINGLE (Groundball, 34D)
José Sánchez scores
Tom Baker to third
Runner from 3rd tries for Home, SAFE, throw made home
Pitching: RHP Tony Rocha
Batting: RHB Tyler Wagner 0-0: Foul Ball, location: 2F
0-1: Swinging Strike
0-2: Strikes out swinging
Batting: RHB José Salazar 0-0: Called Strike
0-1: Ball
1-1: Ball
2-1: Foul Ball, location: 2F
2-2: Ground out 4-3 (Groundball, 4S)
Top of the 6th over - 2 runs, 3 hits, 0 errors, 1 left on base; Irvine 2 - Baffin Island 0
BOTTOM OF THE 6TH
Baffin Island Beavers batting - Pitching for Irvine Gang Green : RHP Aaron Green
Now in RF: António Camacho
Batting: RHB Jonathan MacVey 0-0: Fly out, F8 (Flyball, 8RXD)
Batting: LHB César Valentín 0-0: Foul Ball, location: 2F
0-1: Foul Ball, location: 2F
0-2: Fly out, F9 (Flyball, 9D)
Batting: RHB Alden Isenhood 0-0: Ground out 5-3 (Groundball, 56S)
Bottom of the 6th over - 0 runs, 0 hits, 0 errors, 0 left on base; Irvine 2 - Baffin Island 0
TOP OF THE 7TH
Irvine Gang Green batting - Pitching for Baffin Island Beavers : RHP Tony Rocha
Batting: LHB Frank Geddes 0-0: Called Strike
0-1: Foul Ball, location: 2F
0-2: Foul Ball, location: 2F
0-2: Strikes out swinging
Batting: RHB Tom Doherty 0-0: Called Strike
0-1: Swinging Strike
0-2: Ball
1-2: Ball
2-2: Foul Ball, location: 2F
2-2: Foul Ball, location: 2F
2-2: Ball
3-2: Foul Ball, location: 2F
3-2: Strikes out swinging
Batting: RHB Ronnie Brown 0-0: Called Strike
0-1: Called Strike
0-2: Strikes out looking
Top of the 7th over - 0 runs, 0 hits, 0 errors, 0 left on base; Irvine 2 - Baffin Island 0
BOTTOM OF THE 7TH
Baffin Island Beavers batting - Pitching for Irvine Gang Green : RHP Aaron Green
Batting: RHB Tony Morton 0-0: Ball
1-0: SINGLE (Line Drive, 6MD)
Batting: RHB Dave Craig 0-0: Ball
1-0: Foul Ball, location: 2F
1-1: Called Strike
1-2: Foul Ball, location: 2F
1-2: SINGLE (Line Drive, 34D)
Tony Morton to second
Batting: RHB Felipe Rivera 0-0: Ball
1-0: Swinging Strike
1-1: Called Strike
1-2: Ball
2-2: Ball
3-2: Base on Balls
Tony Morton to third
Dave Craig to second
Pinch Hitting: LHB Lorenzo Villa 0-0: Ball
1-0: Called Strike
1-1: Ball
2-1: Ball
3-1: Swinging Strike
3-2: Base on Balls
Tony Morton scores
Dave Craig to third
Felipe Rivera to second
Pitching: LHP Yu-shu Kong
Batting: LHB Norberto Muñóz 0-0: Called Strike
0-1: Ball
1-1: Foul Ball, location: 2F
1-2: Fly out, F7 (Line Drive, 7)
Runner from 3rd tags up, SCORES, throw made
Pitching: LHP Jon Vaughn
Batting: RHB Pedro Molina 0-0: SINGLE (Groundball, 6MD)
Felipe Rivera to third
Lorenzo Villa to second
Runner from 3rd tries for Home, throw and OUT!
Batting: RHB Jonathan MacVey 0-0: Ball
1-0: Fielders Choice at 2nd, 5-4 (Groundball, 5)
Bottom of the 7th over - 2 runs, 3 hits, 0 errors, 2 left on base; Irvine 2 - Baffin Island 2
TOP OF THE 8TH
Irvine Gang Green batting - Pitching for Baffin Island Beavers : RHP Tony Rocha
Now at 1B: Lorenzo Villa
Pinch Hitting: LHB Víctor Quiñones 0-0: Called Strike
0-1: Foul Ball, location: 2F
0-2: Ball
1-2: Ball
2-2: SINGLE (Line Drive, 8RS)
Pinch Runner at 1st Carlos Córdova:
Pinch Hitting: LHB Dave Gordon 0-0: Ball
1-0: Foul Ball, location: 2F
1-1: Called Strike
1-2: Strikes out swinging
Batting: LHB António Camacho 0-0: Called Strike
0-1: Foul Ball, location: 2F
0-2: Foul Ball, location: 2F
0-2: Ball
1-2: SINGLE (Groundball, 4MD)
Carlos Córdova to second
Runner from 2nd tries for 3rd, SAFE, throw made to third
Batting: RHB David Hernández 0-0: Ball
1-0: Ball
2-0: Called Strike
2-1: Ball
3-1: Base on Balls
António Camacho to second
Pinch Hitting: RHB Yasuhiko Sumita 0-0: Fly out, F8 (Flyball, 8RM)
Pinch Hitting: RHB Don Hooper 0-0: Ball
1-0: Ball
2-0: Called Strike
2-1: Ball
3-1: Ground out 4-3 (Groundball, 4)
Top of the 8th over - 0 runs, 2 hits, 0 errors, 3 left on base; Irvine 2 - Baffin Island 2
BOTTOM OF THE 8TH
Baffin Island Beavers batting - Pitching for Irvine Gang Green : LHP Jon Vaughn
Now at 3B: Carlos Córdova
Now at SS: Don Hooper
Now in LF: Juan Carlos
Now in CF: David Adams
Batting: LHB César Valentín 0-0: SOLO HOME RUN (Flyball, 89XD), Distance : 430 ft
Pinch Hitting: RHB Tomás Díaz 0-0: Ground out U3 (Groundball, 34)
Batting: RHB Tony Morton 0-0: Foul Ball, location: 2F
0-1: Ball
1-1: Ball
2-1: SOLO HOME RUN (Flyball, 7D), Distance : 395 ft
Pinch Hitting: LHB Howard Evans 0-0: Called Strike
0-1: Ball
1-1: Ball
2-1: Foul Ball, location: 2F
2-2: Foul Ball, location: 2F
2-2: Strikes out looking
Batting: RHB Felipe Rivera 0-0: Fly out, F8 (Line Drive, 8RM)
Bottom of the 8th over - 2 runs, 2 hits, 0 errors, 0 left on base; Irvine 2 - Baffin Island 4
TOP OF THE 9TH
Irvine Gang Green batting - Pitching for Baffin Island Beavers : RHP Tony Rocha
Pitching: LHP Brent Miller
Now at 2B: Tomás Díaz
Now at 3B: Howard Evans
Pinch Hitting: RHB Bonifacio Torres 0-0: Called Strike
0-1: Called Strike
0-2: Ball
1-2: Strikes out looking
Batting: RHB Tom Doherty 0-0: Called Strike
0-1: Fly out, F8 (Flyball, 8RD)
Batting: RHB Ronnie Brown 0-0: Called Strike
0-1: Ball
1-1: SINGLE (Line Drive, 89S)
Batting: SHB Carlos Córdova 0-0: Ball
1-0: Ball
2-0: SINGLE (Groundball, 6MD)
Ronnie Brown to second
Batting: RHB Juan Carlos 0-0: Swinging Strike
0-1: Fielders Choice at 2nd, 5-4 (Groundball, 56)
Top of the 9th over - 0 runs, 2 hits, 0 errors, 2 left on base; Irvine 2 - Baffin Island 4
Saturday, December 16th, 2017 - OOTP Baseball 18.8 Build 76